 Dungeon Crawl Stone Soup version 0.30-b1-2-g02819fbbbe (webtiles) character file.

Game seed: 1614500009900408879

165382 Arzdou the Spry (level 17, -3/142 HPs)
             Began as a Merfolk Monk on May 25, 2023.
             Was the Champion of the Shining One.
             Slain by a sea snake (8 damage)
             ... while petrified by a catoblepas
             ... on level 2 of the Shoals.
             The game lasted 01:18:04 (23864 turns).

Arzdou the Spry (Merfolk Monk)                     Turns: 23864, Time: 01:18:04

Health: -3/142     AC: 17    Str: 13    XL:     17   Next: 87%
Magic:  27/29      EV:  2    Int: 11    God:    the Shining One [******]
Gold:   1614       SH:  0    Dex: 32    Spells: 15/32 levels left

rFire   . . .        a - +5 falchion of Spite {heavy, Dex+8}
rCold   + . .        T - +2 buckler {AC+3}
rNeg    + + +        Y - +3 leather armour {rC+}
rPois   ∞            D - +0 helmet
rElec   .            d - +0 cloak of Polish {Regen+ Dex+3}
rCorr   .            k - +0 pair of gloves
SInv    .            L - +0 pair of boots
Will    +....        q - amulet of regeneration
Stlth   +            o - +4 ring of protection
HPRegen 2.03/turn    u - +4 ring of slaying
MPRegen 0.21/turn

%: no passive effects
@: petrified, glowing, studying Ice Magic
A: (nimble swimmer 2), mertail
a: Renounce Religion, Divine Shield, Cleansing Flame, Summon Divine Warrior,
Brand Weapon With Holy Wrath


You were on level 2 of the Shoals.
You worshipped the Shining One.
The Shining One was exalted by your worship.
You visited 6 branches of the dungeon, and saw 26 of its levels.
You also visited: Bailey and Ice Cave.

You collected 3454 gold pieces.
You spent 1840 gold pieces at shops.

Inventory:

Hand Weapons
 a - the +5 falchion of Spite (weapon) {heavy, Dex+8}
   (You found it on level 3 of the Dungeon)

   Dex:       It affects your dexterity (+8).
 N - a +1 long sword of flaming
Missiles
 g - 4 atropa-tipped darts
 l - 2 curare-tipped darts
 E - 2 throwing nets
 U - 16 silver boomerangs
Armour
 d - the +0 cloak of Polish (worn) {Regen+ Dex+3}
   (You found it on level 8 of the Dungeon)

   Dex:       It affects your dexterity (+3).
   Regen:     It increases your rate of health regeneration.
 k - a +0 pair of gloves (worn)
 D - a +0 helmet (worn)
 L - a +0 pair of boots (worn)
 T - a +2 buckler of protection (worn)
 Y - a +3 leather armour of cold resistance (worn)
Magical Staves
 b - the staff of poison "Vuptedum" {rPois Str+2}
   (You acquired it on level 1 of the Lair of Beasts)

   [staff of poison]

   Base accuracy: +5 Base damage: 5 Base attack delay: 1.2 This weapon's minimum
   attack delay (0.6) is reached at skill level 12.
   Str:       It affects your strength (+2).
   rPois:     It protects you from poison.
   It falls into the 'Staves' category.
   It is a one-handed weapon.
Jewellery
 m - a ring of willpower
 o - a +4 ring of protection (left hand)
 q - an amulet of regeneration (around neck)
 u - a +4 ring of slaying (right hand)
 v - a ring of willpower
 z - a +4 ring of protection
Wands
 y - a wand of light (3)
 A - a wand of flame (27)
 G - a wand of paralysis (22)
 M - a wand of digging (5)
 Q - a wand of roots (18)
 W - a wand of mindburst (4)
Scrolls
 e - 8 scrolls of fear
 i - a scroll of enchant armour
 j - 6 scrolls of blinking
 n - 9 scrolls of teleportation
 B - 2 scrolls of poison
 C - 8 scrolls of immolation
 O - 8 scrolls of identify
 P - a scroll of silence
 Z - 5 scrolls of fog
Potions
 c - 14 potions of curing
 f - 5 potions of mutation
 h - 5 potions of brilliance
 r - 6 potions of cancellation
 s - 3 potions of attraction
 t - 2 potions of might
 w - 5 potions of berserk rage
 F - 14 potions of heal wounds
 H - 6 potions of magic
 I - a potion of resistance
 J - 5 potions of haste
 K - a potion of flight
 R - 6 potions of lignification
 S - 3 potions of ambrosia
Miscellaneous
 p - a box of beasts
 x - a phial of floods
 V - a lightning rod (4/4)
 X - a phantom mirror


   Skills:
 - Level 15.0 Fighting
 - Level 16.0 Long Blades
 + Level 17.0 Dodging
 - Level 5.0 Shields
 - Level 8.0 Spellcasting
 - Level 5.0 Transmutations
 - Level 10.0 Ice Magic
 + Level 12.8 Poison Magic
 - Level 12.0 Invocations
 - Level 7.0 Evocations


You had 15 spell levels left.
You knew the following spells:

 Your Spells              Type           Power      Damage    Failure   Level
a - Poisonous Vapours     Pois/Air       36%        N/A       3%          2
b - Ignite Poison         Fire/Tmut/Pois 17%        N/A       7%          3
c - Olgreb's Toxic Radia  Pois           32%        N/A       1%          4
d - Frozen Ramparts       Ice            52%        1d8       1%          3
e - Freezing Cloud        Conj/Ice/Air   5%         6-21      89%         5

Your spell library contained the following spells:

 Spells                   Type           Power      Damage    Failure   Level
 Sting                    Tmut/Pois      92%        1d7       1%          1
 Ensorcelled Hibernation  Hex/Ice        30%        N/A       5%          2
 Cigotuvi's Dreadful Rot  Necr/Pois/Air  26%        N/A       7%          2
 Hailstorm                Conj/Ice       15%        3d5       11%         3
 Ice Form                 Ice/Tmut       20%        N/A       12%         4
 Kiss of Death            Conj/Necr      16%        2d6       26%         1
 Confusing Touch          Hex            4%         N/A       63%         3
 Gell's Gravitas          Tloc           4%         N/A       63%         3
 Teleport Other           Tloc           4%         N/A       63%         3
 Volatile Blastmotes      Fire/Tloc      8%         2d10      63%         3
 Anguish                  Hex/Necr       2%         N/A       95%         4
 Dispel Undead            Necr           4%         3d7       95%         4
 Fulminant Prism          Conj/Hex       2%         3d5       95%         4
 Iskenderun's Mystic Bla  Conj/Tloc      4%         2d3       95%         4
 Sticky Flame             Conj/Fire      4%         2d3       95%         4
 Lee's Rapid Deconstruct  Erth           2%         3d4*      100%        5
 Summon Forest            Summ/Tloc      2%         N/A       100%        5
 Summon Mana Viper        Hex/Summ       4%         N/A       100%        5
 Dispersal                Tloc           2%         N/A       100%        6
 Summon Cactus Giant      Summ           2%         N/A       100%        6
 Enfeeble                 Hex            2%         N/A       100%        7
 Ignition                 Fire           2%         3d3       100%        8


Dungeon Overview and Level Annotations

Branches:
Dungeon (15/15)            Temple (1/1) D:5            Lair (5/5) D:8
 Shoals (2/4) Lair:3        Snake (0/4) Lair:3        Slime (0/5) Lair:4
    Orc (2/2) D:11            Elf (0/3) Orc:2        Vaults (0/5) D:14
 Depths (1/4) D:15         Bailey (visited)           IceCv (visited)

Altars:
Ashenzari
Cheibriados
Dithmenos
Elyvilon
Fedhas
Gozag
Hepliaklqana
Kikubaaqudgha
Makhleb
Okawaru
Qazlal
Ru
Sif Muna
Trog
Uskayaw
Vehumet
Wu Jian
Xom
Yredelemnul
Zin
The Shining One
Jiyva

Shops:
D:8 [*:   D:14 (*[(*   D:15 (   Orc:1 :   Orc:2 ![!(   Shoals:1 !

Portals:
Trove: D:10 (give +8 demon whip)

Annotations:
D:3 3 runed translucent doors, darkwiz's ghost, amateur DsCK
D:6 1 runed translucent door, KineticRobot's ghost, novice MiBe
Temple 2 transporters


Innate Abilities, Weirdness & Mutations

((You are very nimble when in or above water. (Stealth+, EV+, Speed+++)))
Your lower body shifts to a powerful aquatic tail in water.


Message History

The death yak is engulfed in calcifying dust.
The death yak gores you but does no damage.
The sea snake bites you but does no damage.
The death yak gores you. The death yak gores you!! The death yak gores you.
The catoblepas gores you!
The manticore bites you but does no damage.
The manticore claws you but does no damage.
The manticore claws you. The sea snake bites you!
The sea snake completely misses you.
The death yak gores you but does no damage.
The death yak gores you. The death yak gores you!! The catoblepas gores you!!
The manticore bites you!
* * * LOW HITPOINT WARNING * * *
The manticore completely misses you. The manticore claws you.
The sea snake bites you!
* * * LOW HITPOINT WARNING * * *
The death yak gores you!!
* * * LOW HITPOINT WARNING * * *
The catoblepas gores you.
* * * LOW HITPOINT WARNING * * *
The death yak gores you!
* * * LOW HITPOINT WARNING * * *
The manticore bites you.
* * * LOW HITPOINT WARNING * * *
The manticore claws you but does no damage. x2
The death yak gores you!!
* * * LOW HITPOINT WARNING * * *
The sea snake bites you.
* * * LOW HITPOINT WARNING * * *
The death yak gores you.
* * * LOW HITPOINT WARNING * * *
The catoblepas gores you!! The Shining One protects you from harm!
The manticore bites you but does no damage.
The manticore barely misses you. The manticore claws you.
* * * LOW HITPOINT WARNING * * *
The death yak gores you but does no damage.
The death yak gores you. The sea snake bites you!
You die...

#....~~~.. .
....~~~[. ..
....~~~~~ ~~.
....~~~~≈ ~~..
##.~~~~≈≈≈
≈~~..#..~~~~≈≈≈
≈≈~~..Y.Y~~~~~≈
≈~~~..Y@H..~~~≈
≈~~...SYY...~~≈
≈~~~.........~≈
≈≈~~$..##...~~≈
≈≈~~..# ...~~≈
≈≈~~.. ..~~≈≈
≈≈≈~~. .~~≈≈
≈≈≈≈≈~ ~≈≈≈≈


You could see 4 death yaks, a catoblepas (very poisoned), a sea snake (very
poisoned) and a manticore (poisoned).

Vanquished Creatures
  Rupert (D:13)
  Polyphemus (Shoals:1)
  Kirke (Lair:4)
  An azure jelly (IceCv)
  A fire giant (D:15)
  A juggernaut zombie (D:15)
  2 stone giants (D:15)
  3 quicksilver oozes (IceCv)
  2 merfolk impalers
  Josephine (Orc:1)
  2 ice dragons
  A fire dragon (D:15)
  4 hydras
  5 vault guards
  Erolcha (D:12)
  4 ogre magi
  2 catoblepae
  4 centaur warriors
  5 two-headed ogres
  4 boulder beetles
  A death knight (D:15)
  A merfolk aquamancer (Shoals:1)
  2 tengu warriors
  9 death yaks (Lair:2)
  2 skysharks
  Sonja (Orc:2)
  A deep elf knight (D:14)
  2 skeletal warriors (D:15)
  A sea snake (Shoals:1)
  2 lindwurms (Lair:5)
  A necromancer (D:15)
  A phantasmal warrior (D:15)
  A deep elf pyromancer (D:8)
  15 ugly things
  A golden dragon skeleton (D:15)
  2 manticores
  9 orc knights
  3 orc sorcerers
  16 elephants
  6 cyclopes
  5 black mambas
  2 ice statues (IceCv)
  6 torpor snails (Lair:5)
  2 gargoyles
  8 cane toads
  A kobold demonologist (D:12)
  4 freezing wraiths (D:15)
  2 unseen horrors (D:11)
  Maggie (D:6)
  2 yaktaurs
  3 rime drakes
  6 komodo dragons
  2 ice devils (Orc:1)
  A meliai (shapeshifter) (D:14)
  4 tyrant leeches (Lair:5)
  A troll (shapeshifter) (D:15)
  2 merfolk (Shoals:1)
  12 trolls
  11 polar bears
  10 hornets (Lair:5)
  21 blink frogs
  13 dream sheep
  A snapping turtle (Shoals:1)
  Prince Ribbit (D:5)
  2 spriggan zombies (D:15)
  3 raiju (Lair:5)
  35 yaks
  A shadow (D:9)
  26 slime creatures
  A jumping spider (shapeshifter) (D:13)
  5 wyverns
  5 water elementals
  A centaur simulacrum (D:14)
  8 wraiths
  5 basilisks
  A steam dragon (D:5)
  5 vampire mosquitoes
  10 wargs
  Menkaure (D:5)
  2 nagas (Lair:3)
  2 acid dragons
  17 water moccasins
  14 hell hounds (Lair:5)
  A sky beast (D:7)
  2 great orb of eyes simulacra (IceCv)
  36 orc warriors
  12 black bears
  3 boggarts (D:14)
  7 ogres
  17 centaurs
  17 wolves
  2 phantoms (D:6)
  6 kobold brigands
  Blork the orc (D:5)
  10 bullfrogs
  A glowing shapeshifter simulacrum (IceCv)
  4 scorpions
  A gnoll sergeant (D:10)
  5 killer bees (D:9)
  2 howler monkeys
  2 electric eels
  2 hounds (D:5)
  7 crimson imps (D:7)
  2 gnoll boudas
  12 orc priests
  An iron imp (D:12)
  5 jellies
  Crazy Yiuf (D:7)
  3 sleepcaps
  Ijyb (D:5)
  2 iguanas (D:7)
  22 orc wizards
  3 shapeshifter simulacra (IceCv)
  Robin (D:4)
  20 gnolls
  8 adders
  3 shadow imps
  3 white imps
  An ufetubus (D:6)
  5 dart slugs
  64 orcs
  7 bats
  7 endoplasms
  8 giant cockroaches
  17 goblins
  3 hobgoblins
  4 jackals (D:3)
  22 kobolds
  4 quokkas
  4 ball pythons
  4 frilled lizards
  6 rats
  A butterfly (Lair:5)
770 creatures vanquished.

Vanquished Creatures (collateral kills)
  A frost giant (D:15)
  2 orc warlords (Orc:1)
  A centaur warrior (D:13)
  A hydra (D:13)
  A skyshark (Lair:5)
  An elephant (Lair:5)
  A troll (Orc:1)
  3 meliai (D:13)
  A jumping spider (shapeshifter) (D:13)
  2 wraiths
  8 orc warriors (Orc:1)
  An ogre (Orc:1)
  3 orc wizards (Orc:1)
  11 orcs (Orc:1)
  A butterfly (Lair:5)
38 creatures vanquished.

Vanquished Creatures (others)
  3 humans (Lair:4)
  A kobold brigand (Bailey)
  An orc priest (Orc:1)
  2 orcs (Orc:2)
  18 fungi
  63 plants
  15 withered plants (D:15)
103 creatures vanquished.

Grand Total: 911 creatures vanquished

Notes
Turn   | Place    | Note
-------+----------+-------------------------------------------
     0 | D:1      | Arzdou the Merfolk Monk began the quest for the Orb.
     0 | D:1      | Reached XP level 1. HP: 18/18 MP: 1/1
   126 | D:1      | Reached XP level 2. HP: 24/24 MP: 2/2
   318 | D:1      | Reached XP level 3. HP: 30/30 MP: 3/3
   873 | D:2      | Reached XP level 4. HP: 4/37 MP: 4/4
   878 | D:2      | Reached skill level 5 in Dodging
  1277 | D:2      | Reached XP level 5. HP: 38/43 MP: 5/5
  1576 | D:3      | Identified the +5 falchion of Spite {heavy, Dex+8}
  1691 | D:3      | Reached skill level 5 in Long Blades
  1723 | D:3      | Found a runed translucent gate.
  1723 | D:3      | Found a runed translucent gate.
  1723 | D:3      | Found a runed translucent gate.
  1723 | D:3      | Noticed darkwiz's ghost (amateur DsCK)
  2080 | D:4      | Reached XP level 6. HP: 50/50 MP: 6/6
  2091 | D:4      | Noticed Robin
  2096 | D:4      | Killed Robin
  2102 | D:4      | Reached skill level 6 in Dodging
  2108 | D:4      | Reached skill level 5 in Fighting
  2618 | D:5      | Entered Level 5 of the Dungeon
  2632 | D:5      | Found a staircase to the Ecumenical Temple.
  2666 | Temple   | Entered the Ecumenical Temple
  2666 | Temple   | Found a transporter.
  2666 | Temple   | Found a transporter.
  2671 | Temple   | Found a transporter.
  2671 | Temple   | Found a transporter.
  2682 | Temple   | Became a worshipper of the Shining One
  2682 | Temple   | Reached * piety under the Shining One
  2682 | Temple   | Reached ** piety under the Shining One
  2716 | D:5      | Reached XP level 7. HP: 49/56 MP: 7/7
  2757 | D:5      | Noticed Ijyb
  2758 | D:5      | Paralysed by Ijyb for 3 turns
  2764 | D:5      | Paralysed by Ijyb for 2 turns
  2767 | D:5      | Killed Ijyb
  2768 | D:5      | Reached skill level 7 in Dodging
  2860 | D:5      | Noticed Prince Ribbit
  2897 | D:5      | Killed Prince Ribbit
  2898 | D:5      | Reached XP level 8. HP: 65/65 MP: 8/8
  2958 | D:5      | Noticed Menkaure
  3074 | D:5      | Killed Menkaure
  3075 | D:5      | Reached skill level 8 in Dodging
  3353 | D:5      | Found an ornate altar of the Wu Jian Council.
  3426 | D:5      | Noticed Blork the orc
  3433 | D:5      | Killed Blork the orc
  3608 | D:6      | Reached skill level 9 in Dodging
  3714 | D:6      | Reached XP level 9. HP: 73/73 MP: 9/9
  3790 | D:6      | Found a runed translucent door.
  3790 | D:6      | Found a shimmering altar of Xom.
  3790 | D:6      | Noticed KineticRobot's ghost (novice MiBe)
  3791 | D:6      | Noticed a +0 dagger of chaos
  3798 | D:6      | Reached *** piety under the Shining One
  3866 | D:6      | Noticed Maggie
  3882 | D:6      | Killed Maggie
  3883 | D:6      | Reached skill level 10 in Dodging
  4835 | D:7      | Reached **** piety under the Shining One
  4848 | D:7      | Reached skill level 10 in Long Blades
  4890 | D:7      | Found a shimmering altar of Xom.
  4890 | D:7      | Found a hazy altar of Hepliaklqana.
  4890 | D:7      | Found a stormy altar of Qazlal.
  4925 | D:7      | Found a runed translucent door.
  4926 | D:7      | Noticed Crazy Yiuf
  5030 | D:7      | Killed Crazy Yiuf
  5258 | D:7      | Reached skill level 11 in Dodging
  5355 | D:7      | Reached XP level 10. HP: 83/83 MP: 10/10
  5489 | D:8      | Found Dogryobaet's Book Emporium.
  5496 | D:8      | Reached skill level 1 in Invocations
  5525 | D:8      | Found a staircase to the Lair.
  5587 | D:8      | Noticed a two-headed ogre
  5595 | D:8      | Killed a two-headed ogre
  5674 | D:8      | Reached skill level 5 in Invocations
  5804 | D:8      | Reached skill level 1 in Evocations
  5830 | D:8      | Found Bymm's Armour Emporium.
  5840 | D:8      | Bought a +2 buckler of protection for 322 gold pieces
  5926 | D:8      | Found an iron altar of Okawaru.
  6007 | D:8      | Found Okoq's Assorted Antiques.
  6014 | D:8      | Bought a scroll of identify for 54 gold pieces
  6014 | D:8      | Bought a scroll of identify for 54 gold pieces
  6014 | D:8      | Bought a cyan potion for 24 gold pieces
  6146 | D:8      | Reached skill level 1 in Shields
  6205 | D:8      | Noticed a deep elf pyromancer
  6215 | D:8      | Killed a deep elf pyromancer
  6229 | D:8      | Identified the +0 cloak of Polish {Regen+ Dex+3}
  6725 | D:9      | Found a flagged portal.
  6734 | Bailey   | Entered a bailey
  6797 | Bailey   | Noticed an orc knight
  6819 | Bailey   | Killed an orc knight
  6870 | Bailey   | Noticed an orc knight
  6884 | Bailey   | Killed an orc knight
  6885 | Bailey   | Reached skill level 5 in Shields
  6885 | Bailey   | Reached skill level 5 in Evocations
  6885 | Bailey   | Reached XP level 11. HP: 81/89 MP: 14/14
  6925 | Bailey   | Found a burning altar of Makhleb.
  7548 | D:10     | Entered Level 10 of the Dungeon
  8410 | D:10     | Identified the +4 whip "Liovael" {flame, rN+ MP+9 Str+2
                  | Int+3}
  8688 | D:10     | Noticed a vault guard
  8693 | D:10     | Killed a vault guard
  8700 | D:10     | Found a portal to a secret trove of treasure.
  8846 | D:11     | Noticed a cyclops
  8854 | D:11     | Killed a cyclops
  8863 | D:11     | Noticed a two-headed ogre
  8890 | D:11     | Killed a two-headed ogre
  8936 | D:11     | Noticed a cyclops
  8936 | D:11     | Noticed an orc knight
  8948 | D:11     | Killed a cyclops
  8949 | D:11     | Noticed an orc knight
  8949 | D:11     | Noticed a boulder beetle
  8960 | D:11     | Killed an orc knight
  8961 | D:11     | Noticed an ogre mage
  8964 | D:11     | Noticed an ogre mage
  8964 | D:11     | Reached ***** piety under the Shining One
  8968 | D:11     | Killed an orc knight
  8971 | D:11     | Killed an ogre mage
  8974 | D:11     | Killed an ogre mage
  8975 | D:11     | Reached XP level 12. HP: 95/95 MP: 15/15
  8987 | D:11     | Killed a boulder beetle
  9001 | D:11     | Identified the +4 plate armour of Amorality {Str+2 Int+4}
  9007 | D:11     | Identified the +0 ring mail of Negation {MP+9}
  9035 | D:11     | Reached skill level 15 in Long Blades
  9363 | D:11     | Found a staircase to the Orcish Mines.
  9823 | Lair:1   | Entered Level 1 of the Lair of Beasts
  9962 | D:8      | Learned a level 2 spell: Poisonous Vapours
  9966 | D:8      | Learned a level 3 spell: Ignite Poison
  9977 | Lair:1   | Noticed a catoblepas
 10119 | Lair:1   | Killed a catoblepas
 10120 | Lair:1   | Reached skill level 1 in Poison Magic
 10277 | Lair:1   | Identified 2 scrolls of acquirement
 10277 | Lair:1   | Acquired the staff of poison "Vuptedum" {rPois Str+2}
 10283 | Lair:1   | Acquired a manual of Ice Magic
 11025 | Lair:2   | Noticed a seven-headed hydra
 11045 | Lair:2   | Killed a three-headed hydra
 11103 | Lair:2   | Reached XP level 13. HP: 101/101 MP: 19/19
 11220 | Lair:2   | Reached skill level 5 in Poison Magic
 11223 | Lair:2   | Reached skill level 10 in Invocations
 11335 | Lair:2   | Found an ancient bone altar of Kikubaaqudgha.
 11994 | Lair:3   | Reached skill level 10 in Fighting
 12022 | Lair:3   | Found a staircase to the Snake Pit.
 12206 | Lair:3   | Found a staircase to the Shoals.
 12662 | Lair:4   | Found a viscous altar of Jiyva.
 12662 | Lair:4   | Found a staircase to the Slime Pits.
 12836 | Lair:4   | Reached XP level 14. HP: 77/113 MP: 23/23
 13065 | Lair:4   | Reached skill level 1 in Spellcasting
 13186 | Lair:4   | Noticed Kirke
 13192 | Lair:4   | Noticed a sphinx
 13195 | Lair:4   | Killed Kirke
 13679 | Lair:5   | Entered Level 5 of the Lair of Beasts
 14004 | Lair:5   | Reached skill level 5 in Spellcasting
 14452 | Lair:5   | Reached ****** piety under the Shining One
 14885 | Lair:5   | Found a runed translucent door.
 14924 | Lair:5   | Reached XP level 15. HP: 127/127 MP: 25/25
 15538 | Orc:1    | Entered Level 1 of the Orcish Mines
 15538 | Orc:1    | Noticed Josephine
 15546 | Orc:1    | Reached skill level 1 in Transmutations
 15546 | Orc:1    | Killed Josephine
 15547 | Orc:1    | Found Siat's Self-Improvement Boutique.
 15547 | Orc:1    | Noticed an orc warlord
 15565 | Orc:1    | Killed an orc warlord
 15567 | Orc:1    | Reached skill level 15 in Fighting
 15571 | Orc:1    | Noticed an orc warlord
 15654 | Orc:1    | Killed an orc warlord
 15749 | Orc:1    | Found a frozen archway.
 15754 | Orc:1    | Reached skill level 5 in Transmutations
 15766 | IceCv    | Entered an ice cave
 16016 | IceCv    | Identified the +2 falchion "Uniared" {drain, Dex+2}
 16130 | IceCv    | Reached skill level 12 in Dodging
 16540 | IceCv    | Found a viscous altar of Jiyva.
 16540 | IceCv    | Noticed an azure jelly
 16547 | IceCv    | Killed an azure jelly
 16548 | IceCv    | Reached skill level 13 in Dodging
 16600 | IceCv    | Got Sif Muna's Elucidation of the Tundra
 16602 | IceCv    | Got Sif Muna's Incunable of Algor
 16603 | IceCv    | Identified the +8 ice dragon scales of the Turtle {rF- rC++
                  | Int+2 Dex-3 Stlth+}
 16604 | IceCv    | Identified the +1 leather armour of the Supporting Gods
                  | {rF+ Will- Str+2 Stlth+}
 16615 | IceCv    | Reached XP level 16. HP: 136/136 MP: 28/28
 16621 | IceCv    | Learned a level 4 spell: Olgreb's Toxic Radiance
 16625 | IceCv    | Learned a level 3 spell: Frozen Ramparts
 16631 | IceCv    | Learned a level 5 spell: Freezing Cloud
 16973 | Orc:2    | Entered Level 2 of the Orcish Mines
 16973 | Orc:2    | Found a staircase to the Elven Halls.
 16974 | Orc:2    | Noticed Sonja
 17160 | Orc:2    | Killed Sonja
 17642 | Lair:4   | Reached skill level 10 in Poison Magic
 18146 | Orc:2    | Reached skill level 1 in Ice Magic
 18303 | Orc:2    | Found Higg's Armour Emporium.
 18303 | Orc:2    | Found Etwus's Distillery.
 18303 | Orc:2    | Found Enedgh's Antique Weapon Boutique.
 18306 | Orc:2    | Found Aphoamn's Distillery.
 18318 | Orc:2    | Bought a potion of heal wounds for 65 gold pieces
 18318 | Orc:2    | Bought 2 potions of cancellation for 208 gold pieces
 18321 | Orc:2    | Bought a potion of magic for 112 gold pieces
 18321 | Orc:2    | Bought 2 potions of haste for 280 gold pieces
 18321 | Orc:2    | Bought a potion of curing for 42 gold pieces
 18321 | Orc:2    | Bought a potion of heal wounds for 70 gold pieces
 18731 | D:12     | Reached skill level 14 in Dodging
 19342 | D:12     | Noticed Erolcha
 19348 | D:12     | Killed Erolcha
 19353 | D:12     | Found a snail-covered altar of Cheibriados.
 19489 | D:13     | Noticed Rupert
 19506 | D:13     | Paralysed by Rupert for 2 turns
 19511 | D:13     | Killed Rupert
 19606 | D:13     | Reached skill level 5 in Ice Magic
 19954 | D:13     | Reached XP level 17. HP: 139/142 MP: 29/29
 20183 | D:14     | Found Wupioqog's General Store.
 20213 | D:14     | Found Plog's General Store.
 20215 | D:14     | Found Umuismie's Antique Weapon Boutique.
 20537 | D:14     | Found Nantargh's Antique Armour Shop.
 20540 | D:14     | Bought a scroll of teleportation for 48 gold pieces
 20610 | D:14     | Reached skill level 15 in Dodging
 20651 | D:14     | Found Peumops's Antique Weapon Shoppe.
 20860 | D:14     | Found a gate to the Vaults.
 21136 | D:15     | Entered Level 15 of the Dungeon
 21191 | D:15     | Found Kirag's Weapon Shop.
 21856 | D:15     | Reached skill level 10 in Ice Magic
 22023 | D:15     | Reached skill level 16 in Dodging
 22033 | D:15     | Found a staircase to the Depths.
 22544 | Depths:1 | Entered Level 1 of the Depths
 22544 | Depths:1 | Found a blossoming altar of Fedhas.
 22995 | Shoals:1 | Entered Level 1 of the Shoals
 23348 | Shoals:1 | Reached skill level 17 in Dodging
 23577 | Shoals:1 | Found Qoapil's Distillery.
 23580 | Shoals:1 | Bought a potion of curing for 51 gold pieces
 23580 | Shoals:1 | Bought 2 potions of heal wounds for 170 gold pieces
 23580 | Shoals:1 | Bought a potion of heal wounds for 85 gold pieces
 23580 | Shoals:1 | Bought a potion of heal wounds for 85 gold pieces
 23580 | Shoals:1 | Bought 2 potions of heal wounds for 170 gold pieces
 23755 | Shoals:2 | Noticed Polyphemus
 23773 | Shoals:1 | Killed Polyphemus
 23862 | Shoals:2 | HP: 4/142 [death yak[Polyphemus] (10)]
 23863 | Shoals:2 | The Shining One protects you from harm!
 23864 | Shoals:2 | Slain by a sea snake

Illustrated notes

Levels and vault maps discovered:
D:1:      minmay_arrival_split_and_join, layout_loops_ring, serial_forest,
          infiniplex_forest_straight_4, infiniplex_forest_lined_3,
          infiniplex_forest_straight_1, infiniplex_forest_lined_corner,
          infiniplex_forest_clump_tiny, infiniplex_forest_clump_C,
          minmay_domino_2
D:2:      layout_loops_ring
D:3:      layout_rooms, gammafunk_ghost_split
D:4:      layout_gridville, uniq_robin
D:5:      layout_gridville, lemuel_coloured_pillars_altar,
          minmay_temple_entry_butterflies, amcnicky_mini_rare_corridor_liquid,
          uniq_menkaure, uniq_prince_ribbit1, uniq_blork_the_orc, uniq_ijyb
D:6:      nicolae_cairo_tiling_large_dashed, layout_gridville,
          ebering_ghost_xom, uniq_maggie
D:7:      layout_basic, gammafunk_temple_overflow_claw, st_stairs_13,
          minmay_nine_imps, uniq_crazy_yiuf_cottage
D:8:      layout_basic, mainiacjoe_overflow_surrounded_room, lair_entry_dummy,
          serial_shops, shop, shop, shop, minmay_diamond_spiral
D:9:      layout_loops_ring, enter_bailey_2
D:10:     layout_layer_cave, enter_trove_5
D:11:     minmay_the_grid_triangle_9x9_recursive_2
          [minmay_the_grid_triangle_9x9_prize_insulated,
          minmay_the_grid_triangle_9x9_wacky_v,
          minmay_the_grid_triangle_9x9_flanged_cone,
          minmay_the_grid_triangle_9x9_limited_checkers], layout_basic
D:12:     layout_loops_ring, nrook_mini_backslash, slow_altar_2, uniq_erolcha
D:13:     layout_roguey, interstate_on_off, uniq_rupert
D:14:     layout_long_grid, grunt_vaults_entry_fortified, serial_shops,
          nicolae_shop_competitors_out_of_business, shop,
          nicolae_shop_peninsula, shop, nicolae_shop_waterfront,
          infiniplex_staircase_squiggle
D:15:     gammafunk_depths_entry_grave, layout_basic,
          minmay_misc_feat_nine_boxes, serial_shops, nicolae_shop_hallway_plus
Temple:   hellmonk_temple_divided_pantheon
Lair:1:   layout_cave_pods, chequers_serial_rivers_micro_d, lemuel_fruit_tree
Lair:2:   layout_concentric_octagons, basic_altar, wad_woods_road_05
Lair:3:   layout_long_grid, elwin_shoals_entry_rocks,
          guppyfry_snake_entry_island
Lair:4:   beast_lair_carwin_large_3, layout_cave_pods,
          nicolae_slime_entry_slimehenge, minivault_26, uniq_kirke
Lair:5:   wormcave, layout_regular_city, hangedman_lair_caniforms_friends,
          lemuel_fruit_fields, lemuel_fruit_fields
Shoals:1: layout_shoals, serial_shops, nicolae_shop_real_fake_doors
Shoals:2: layout_shoals, uniq_polyphemus
Orc:1:    layout_caves, portal_ice_cave_demonic_guard, nicolae_shop_self_help,
          uniq_josephine
Orc:2:    st_orc_rangers, layout_caves, nooodl_orcs_dogs, uniq_sonja
Depths:1: layout_cave_pools, fedhas_altar_2, hell_entry, chequers_jeans,
          corexii_leaking_fountain, minivault_16

Skill      XL: |  1  2  3  4  5  6  7  8  9 10 11 12 13 14 15 16 17 |
---------------+----------------------------------------------------+-----
Long Blades    | 4 5 6 7 8 10 14 16 | 16.0
Fighting       | 4 5 6 7 9 11 14 15 | 15.0
Dodging        | 5 6 7 9 11 13 14 17 | 17.0
Invocations    | 5 8 12 | 12.0
Evocations     | 5 7 |  7.0
Shields        | 5 |  5.0
Poison Magic   | 4 7 9 10 12 | 12.8
Spellcasting   | 6 8 |  8.0
Transmutations | 5 |  5.0
Ice Magic      | 5 10 | 10.0

Action                     |  1- 3 |  4- 6 |  7- 9 | 10-12 | 13-15 | 16-18 || total
---------------------------+-------+-------+-------+-------+-------+-------++-------
  Melee: Falchion          |    73 |   126 |   136 |   385 |   873 |   491 ||  2084
         Punch             |       |       |     1 |       |       |       ||     1
         Long sword        |       |       |       |     6 |    27 |   153 ||   186
         Tailslap          |       |       |       |     4 |       |     9 ||    13
         Staff             |       |       |       |       |       |    10 ||    10
  Throw: Boomerang         |       |       |       |     2 |       |     2 ||     4
         Javelin           |       |       |       |     1 |       |       ||     1
         Dart              |       |       |       |       |     1 |     1 ||     2
         Throwing net      |       |       |       |       |     1 |     1 ||     2
   Cast: Ignite Poison     |       |       |       |       |     1 |    19 ||    20
         Poisonous Vapours |       |       |       |       |       |    35 ||    35
         Frozen Ramparts   |       |       |       |       |       |     3 ||     3
         Olgreb's Toxic Ra |       |       |       |       |       |    13 ||    13
 Invoke: Summon Divine War |       |       |       |       |     3 |     2 ||     5
         Cleansing Flame   |       |       |       |       |     4 |     2 ||     6
  Evoke: Wand              |       |       |       |     5 |       |       ||     5
    Use: Potion            |       |     2 |       |       |     1 |     1 ||     4
         Scroll            |       |       |     9 |    14 |    10 |       ||    33
 Armour: Robe              |    19 |    58 |    22 |       |       |       ||    99
         Steam dragon scal |       |       |    10 |    34 |       |       ||    44
         Leather armour    |       |       |       |    40 |   233 |   144 ||   417
  Dodge: Dodged            |    76 |   137 |   152 |   362 |   903 |   753 ||  2383
  Block: Buckler           |       |       |       |   179 |   485 |   425 ||  1089
